 Dungeon Crawl Stone Soup version 0.29-a0-284-gf9362112df (webtiles) character file.

Game seed: 9301436455619931199

231 jisko22 the Stinger (level 6, -1/38 HPs)
             Began as an Octopode Transmuter on Mar 28, 2022.
             Slain by Sigmund
             ... wielding a +0 scythe
              (3 damage)
             ... on level 4 of the Dungeon on Mar 29, 2022.
             The game lasted 00:15:52 (5311 turns).

jisko22 the Stinger (Octopode Transmuter)           Turns: 5311, Time: 00:15:53

Health: -1/38      AC:  2    Str: 11      XL:     6   Next: 4%
Magic:  6/9        EV: 20    Int: 13 (15) God:
Gold:   187        SH:  0    Dex: 24      Spells: 3/9 levels left

rFire   . . .      SeeInvis .     - Unarmed
rCold   . . .      Faith    .   (shield currently unavailable)
rNeg    . . .      Spirit   .   (helmet currently unavailable)
rPois   x          Reflect  .   (no amulet)
rElec   .          Harm     .   d - ring of wizardry
rCorr   .          Rampage  .   j - +6 ring of dexterity
Will    .....      Rage     1%  g - ring of wizardry
Stlth   ++........              (no ring)
HPRegen 0.12/turn               (no ring)
MPRegen 0.11/turn               (no ring)
                                (no ring)
                                (no ring)

@: spider-form
A: venomous fangs, almost no armour, (amphibious), 8 rings, tiny, (camouflage
1), (gelatinous body 1), (nimble swimmer 1), (tentacles), (tentacle spike 1),
berserk 1, deterioration 1
a: End Transformation


You were on level 4 of the Dungeon.
You were a venomous arachnid creature.
You visited 1 branch of the dungeon, and saw 4 of its levels.

You collected 187 gold pieces.

Inventory:

Missiles
 e - a throwing net
 p - 4 boomerangs
 r - 5 silver javelins
Magical Staves
 l - a staff of death
Jewellery
 d - a ring of wizardry (left front leg)
 g - a ring of wizardry (on tentacle)
 j - a +6 ring of dexterity (right front leg)
Wands
 f - a wand of paralysis (2)
Scrolls
 b - a scroll of fear {unknown}
 c - a scroll of teleportation {unknown}
 h - a scroll of noise
 i - a scroll of enchant armour {unknown}
 m - a scroll of magic mapping {unknown}
 n - a scroll of summoning {unknown}
 o - a scroll of brand weapon {unknown}
 q - a scroll of amnesia {unknown}
Potions
 a - 2 potions of lignification
 k - a potion of haste


   Skills:
 - Level 1.5 Fighting
 - Level 2.3 Dodging
 - Level 3.2 Unarmed Combat
 - Level 2.2 Spellcasting
 + Level 3.6 Transmutations
 * Level 4.6 Poison Magic


You had 3 spell levels left.
You knew the following spells:

 Your Spells              Type           Power      Damage    Failure   Level
a - Beastly Appendage     Tmut           20%        N/A       4%          1
b - Wereblood             Tmut           10%        N/A       6%          2
c - Spider Form           Tmut/Pois      12%        N/A       9%          3

Your spell library contained the following spells:

 Spells                   Type           Power      Damage    Failure   Level
 Pain                     Necr           4%         1d4       14%         1
 Frozen Ramparts          Ice            2%         1d2       32%         3
 Ice Form                 Ice/Tmut       6%         N/A       43%         4
 Summon Ice Beast         Ice/Summ       1%         N/A       65%         4
 Agony                    Necr           1%         N/A       90%         5
 Excruciating Wounds      Necr           0%         N/A       90%         5


Dungeon Overview and Level Annotations

Branches:
Dungeon (4/15)
 Temple: D:4-7

Altars:

Annotations:
D:4 Grinder, Sigmund


Innate Abilities, Weirdness & Mutations

You are a venomous arachnid creature.
You have poisonous fangs.
You are tiny and dextrous.
Your spellcasting is less reliable in this form.
Your armour is entirely melded.
You are incapable of wielding weapons or throwing items.
You cannot wear most types of armour.
((You are amphibious.))
You can wear up to eight rings at the same time.
((Your skin changes colour to match your surroundings (Stealth+).))
((Your rubbery body absorbs attacks. (AC +1, EV +1)))
((You are camouflaged when in or above water. (Stealth+)))
((You have tentacles for arms and can constrict up to eight enemies at once.))
((One of your tentacles bears a spike.))
You tend to lose your temper in combat.
Your body sometimes deteriorates upon taking damage.


Message History

A kobold comes into view.
It is wielding a +0 dagger and quivering poisoned darts.
Sigmund shouts!
The kobold shouts!
Sigmund drinks a potion.
Sigmund's spells are empowered!
The kobold throws a poisoned dart.
The poisoned dart hits you!
You are poisoned.
You feel sick.
The kobold throws a poisoned dart.
The poisoned dart misses you.
You feel sick.
You feel sick.
You feel sick.
You feel sick.
You feel sick.
You are no longer poisoned.
Throw: 6 javelins (silver)
Press: ? - help, Q - select action, (/) - cycle Shift-Dir - straight line, f - kobold
Aim: a kobold, wielding a +0 dagger and quivering poisoned darts (53% to hit)
You throw a silver javelin.
The silver javelin pierces through the kobold.
You kill the kobold!
Okay, then.
Okay, then.
As you read the scroll of identify, it crumbles to dust.
k - a potion of haste
Casting: Spider Form (dangerous; 3% risk of failure)
Confirm with . or Enter, or press ? or * to list all spells.
You turn into a venomous arachnid creature.
Sigmund points at you and mumbles some strange words.
The magic dart hits you!
Your body deteriorates!
You feel dopey. Sigmund gestures at you while chanting.
The puff of flame hits you!
Sigmund seems less brilliant.
Sigmund misses you. Sigmund hits you with a +0 scythe!
* * * LOW HITPOINT WARNING * * *
Your body deteriorates!
You feel dopey.
You hit Sigmund.
Sigmund is poisoned.
Sigmund is lightly wounded.
You closely miss Sigmund.
Sigmund is lightly wounded.
Sigmund hits you with a +0 scythe.
You die...

##### #.# #.# #.#
##########.## #.# #.#
............# #.# #.#
.#########..#########.###
#.# .# #..............##
#.# .# #.#####.....)...#
#.# ## #.# #.#####<..# #.#
#.# #.# #...# #.# #.#
#s#####...####.# #.#
#@#............# #.#
#.#.#####.#.##.#
#########)# #.#.# #.#.##.#
#.........# #.#.# #.#.##.#
########### #.#รท# #.#.##.#
### #(#.#####.#.##.#
.....#######.........#.##.#
#.................#.##.#


You could see Sigmund (very poisoned).

Vanquished Creatures
  An orc priest (D:3)
  An iguana (D:4)
  6 gnolls
  5 adders
  2 dart slugs
  8 orcs
  4 bats
  6 endoplasms
  2 giant cockroaches
  4 goblins (D:1)
  5 hobgoblins
  7 kobolds
  4 ball pythons
  5 frilled lizards
  8 rats
68 creatures vanquished.

Vanquished Creatures (others)
  A plant (D:4)
1 creature vanquished.

Grand Total: 69 creatures vanquished

Notes
Turn   | Place    | Note
-------+----------+-------------------------------------------
     0 | D:1      | jisko22 the Octopode Transmuter began the quest for the
                  | Orb.
     0 | D:1      | Reached XP level 1. HP: 13/13 MP: 3/3
   713 | D:1      | Reached XP level 2. HP: 18/18 MP: 3/5
  1107 | D:1      | Found a faded altar of an unknown god.
  1474 | D:1      | Learned a level 2 spell: Wereblood
  1788 | D:2      | Reached XP level 3. HP: 23/23 MP: 6/6
  1792 | D:2      | Learned a level 3 spell: Spider Form
  2625 | D:3      | Reached skill level 1 in Poison Magic
  3477 | D:3      | HP: 1/23 [gnoll/+0 flail (8)]
  3484 | D:3      | Reached skill level 2 in Poison Magic
  3484 | D:3      | Reached XP level 4. HP: 28/28 MP: 4/7
  3885 | D:4      | Noticed Sigmund
  3909 | D:3      | Reached skill level 3 in Poison Magic
  3909 | D:3      | Reached XP level 5. HP: 8/33 MP: 4/8
  4190 | D:4      | Noticed Grinder
  4790 | D:3      | Gained mutation: You have hidden genetic defects. [potion
                  | of mutation]
  4790 | D:3      | Gained mutation: One of your tentacles bears a spike.
                  | [potion of mutation]
  4816 | D:4      | Reached skill level 4 in Poison Magic
  4830 | D:4      | Gained mutation: Your body sometimes deteriorates upon
                  | taking damage. [hidden defects]
  4993 | D:4      | Reached XP level 6. HP: 23/38 MP: 5/9
  5005 | D:4      | Gained mutation: You tend to lose your temper in combat.
                  | [hidden defects]
  5005 | D:4      | Lost mutation: You have hidden genetic defects. [hidden
                  | defects expressed]
  5311 | D:4      | Slain by Sigmund

Illustrated notes

Levels and vault maps discovered:
D:1:      arrival_zaba_pyramid, layout_basic, shapermc_ecumenical_altar_venn
D:2:      layout_basic
D:3:      layout_rooms, wander_ebering_terrifying_dragon_lair
D:4:      minmay_chambers_of_fours, layout_loops_ring, serial_bayou_pond_d,
          glass_columns_a, uniq_grinder, uniq_sigmund

Skill      XL: |  1  2  3  4  5 |
---------------+----------------+-----
Poison Magic   | 2 3 4 |  4.6
Transmutations | 3 |  3.6
Fighting       | |  1.5
Dodging        | |  2.3
Unarmed Combat | |  3.2
Spellcasting   | |  2.2

Action                   |  1- 3 |  4- 6 || total
-------------------------+-------+-------++-------
Melee: Unarmed           |    88 |    63 ||   151
       Kick              |    19 |     1 ||    20
       Constrict         |    17 |     4 ||    21
       Tentacles         |    14 |     1 ||    15
Throw: Boomerang         |       |     1 ||     1
       Javelin           |       |     2 ||     2
 Cast: Beastly Appendage |    21 |     4 ||    25
       Spider Form       |     2 |     7 ||     9
       Wereblood         |       |     3 ||     3
  Use: Potion            |     1 |     2 ||     3
       Scroll            |       |     3 ||     3
 Stab: Sleeping          |     9 |     2 ||    11
Armor: Skin              |     5 |     1 ||     6
Dodge: Dodged            |    46 |    37 ||    83

Table legend: (Time is in decaauts)
 A = Elapsed time spent in this place.
 B = Non-inter-level travel time spent in this place.
 C = Inter-level travel time spent in this place.
 D = Time resting spent in this place.
 E = Time spent auto-exploring this place.
 F = Levels seen in this place.
 G = Mean time per level.
                   A        B        C        D        E       F      G
               +--------+--------+--------+--------+--------+-----+--------+
         Total |   5305 |   5181 |    124 |   2052 |   2275 |   4 | 1326.2 |
       Dungeon |   5305 |   5181 |    124 |   2052 |   2275 |   4 | 1326.2 |
               +--------+--------+--------+--------+--------+-----+--------+

Top non-repeatable levels by time:
     D:3: 2083 daAuts
     D:1: 1497 daAuts
     D:4: 923 daAuts
     D:2: 801 daAuts
